 Dungeon Crawl Stone Soup version 0.31-a0-1338-gb567cfdca4 (webtiles) character file.

Game seed: 16825377986352104525

230 porpoise the Cudgeller (level 5, -2/46 HPs)
             Began as an Armataur Fighter on Dec 22, 2023.
             Was an Initiate of Makhleb.
             Splashed by a jelly's acid (5 damage)
             ... on level 4 of the Dungeon on Dec 23, 2023.
             The game lasted 00:11:31 (2555 turns).

porpoise the Cudgeller (Armataur Fighter)           Turns: 2555, Time: 00:11:31

Health: -2/46      AC: -9    Str: 23    XL:     5   Next: 72%
Magic:  5/5        EV: 12    Int:  9    God:    Makhleb [......]
Gold:   138        SH:  4    Dex:  9    Spells: 4/4 levels left

rFire   . . .        a - +3 whip (drain)
rCold   . . .        c - +0 buckler
rNeg    . . .        j - +0 scale mail
rPois   .            (no helmet)
rElec   .            (no cloak)
rCorr   .            (no gloves)
SInv    .            (no barding)
Will    +....        (no amulet) Stlth
                     r - +5 ring of evasion
HPRegen 0.27/turn    u - ring of willpower
MPRegen 0.09/turn

%: roll
@: corroded
A: large, deformed body, tough skin 3, armoured tail, roll 1
a: Renounce Religion


You were on level 4 of the Dungeon.
You worshipped Makhleb.
Makhleb was noncommittal.
You visited 1 branch of the dungeon, and saw 4 of its levels.

You collected 138 gold pieces.

Inventory:

Hand Weapons
 a - a +3 whip of draining (weapon)
 b - a +0 sling
 p - a +0 flail
 s - a +2 whip of electrocution
Missiles
 q - 6 atropa-tipped darts (quivered)
Armour
 c - a +0 buckler (worn)
 j - a +0 scale mail (worn)
Jewellery
 r - a +5 ring of evasion (left hand)
 u - a ring of willpower (right hand)
Scrolls
 e - 4 scrolls of teleportation
 h - a scroll of enchant armour {unknown}
 k - a scroll of enchant weapon {unknown}
 l - 2 scrolls of revelation
 o - 2 scrolls of summoning
 t - a scroll of noise {unknown}
 w - 2 scrolls of identify {unknown}
Potions
 d - 2 potions of might
 f - 2 potions of curing {unknown}
 g - a potion of cancellation {unknown}
 i - a potion of mutation {unknown}
 m - 2 potions of heal wounds {unknown}
 n - 2 potions of lignification {unknown}
 v - a potion of invisibility {unknown}


   Skills:
 + Level 4.0 Fighting
 * Level 4.6 Maces & Flails
 - Level 3.6 Armour
 - Level 3.2 Shields


You had 4 spell levels left.
You didn't know any spells.
Your spell library contained the following spells:

 Spells                   Type           Power      Damage    Failure   Level
 Fugue of the Fallen      Necr           0%         N/A       98%         3
 Ozocubu's Armour         Ice            0%         N/A       98%         3
 Manifold Assault         Tloc           0%         N/A       100%        4


Dungeon Overview and Level Annotations

Branches:
Dungeon (4/15)
 Temple: D:4-7

Altars:
Elyvilon
Fedhas
Makhleb

Shops:
D:4 :

Annotations:
D:4 exclusion: oklob plant


Innate Abilities, Weirdness & Mutations

Armour fits poorly on your strangely shaped body.
You have extremely tough skin. (AC +3)
You have a long armoured tail.
You regenerate magic when rolling toward enemies. (Rampage MPRegen)


Message History

You open the door.
There is an open door here.
A jelly comes into view.
You shoot a sling bullet. The jelly quivers.
The sling bullet hits the jelly.
The jelly is lightly wounded.
You shoot a sling bullet.
The sling bullet hits the jelly but does no damage.
The jelly is lightly wounded.
You shoot a sling bullet. The sling bullet hits the jelly.
The jelly is moderately wounded.
You shoot a sling bullet. The sling bullet hits the jelly.
The jelly is moderately wounded.
The jelly barely misses you.
You sense an unholy aura.
a - a +3 whip of draining (weapon)
You hit the jelly.
Your hands burn!
You tail-slap the jelly, but do no damage.
The jelly is moderately wounded.
The jelly hits you. The acid corrodes you!
You are splashed with acid!
You hit the jelly. The acid corrodes you!
Your hands burn!
The jelly is heavily wounded.
The jelly barely misses you.
You completely miss the jelly.
The jelly is heavily wounded.
The jelly hits you. The acid corrodes you!
You are splashed with acid!
You are too injured to fight recklessly!
You barely miss the jelly.
The jelly is heavily wounded.
The jelly hits you.
* * * LOW HITPOINT WARNING * * *
You are splashed with acid!
* * * LOW HITPOINT WARNING * * *
You completely miss the jelly.
The jelly is heavily wounded.
The jelly hits you.
* * * LOW HITPOINT WARNING * * *
The acid corrodes you!
You are splashed with acid.
You die...

# ##°°.##...#..○§. #.##.#.#
#######°..°.#...#..... #...)#.#
#...>###§.○##.⌠.#..... ###....#
#....####.###...#.... #####....#
#....########...##### #........#
#....########.+.# #........#
#...............### #......#..
..........#'##..J.# #......#..
.########.#.##..@.######......+..
..#######.#.#.................#.#
§.......#.#.#.....#####.......#.#
≈.#####.#.#.#.....#.........###..
§.....# #.#.#.....#.......#######
≈.<...# #.#.#.....#..............
≈..####.# #.#.....#......########
≈.......#.#.#.#######'####
≈.#######.#.#.# ##...###########


You could see a jelly.

Vanquished Creatures
  A scorpion (D:4)
  A hound (D:4)
  An iguana (D:3)
  2 adders
  4 worms
  4 dart slugs
  4 orcs
  5 ball pythons
  5 endoplasms
  5 giant cockroaches
  5 hobgoblins
  5 jackals (D:1)
  9 kobolds
  2 quokkas
  10 bats
  3 frilled lizards
  5 goblins
  6 rats
77 creatures vanquished.

Notes
Turn   | Place    | Note
-------+----------+-------------------------------------------
     0 | D:1      | porpoise the Armataur Fighter began the quest for the Orb.
     0 | D:1      | Reached XP level 1. HP: 18/18 MP: 1/1
   169 | D:1      | Reached XP level 2. HP: 25/25 MP: 2/2
   391 | D:1      | Reached XP level 3. HP: 31/31 MP: 3/3
  1469 | D:3      | Reached XP level 4. HP: 38/38 MP: 4/4
  1634 | D:3      | Found a white marble altar of Elyvilon.
  2102 | D:4      | Found Lesebreu's Book Shop.
  2152 | D:4      | Noticed a scorpion
  2159 | D:4      | Killed a scorpion
  2160 | D:4      | Reached XP level 5. HP: 43/46 MP: 5/5
  2308 | D:4      | Found a blossoming altar of Fedhas.
  2329 | D:4      | Noticed an oklob plant
  2414 | D:4      | Found a burning altar of Makhleb.
  2450 | D:4      | Became a worshipper of Makhleb the Destroyer
  2555 | D:4      | Splashed by a jelly's acid

Illustrated notes

Levels and vault maps discovered:
D:1:      minmay_arrival_hallway, layout_loops_ring, minmay_indecisive_spiral
D:2:      layout_loops_ring
D:3:      layout_loops_ring, general_overflow_altar
D:4:      layout_basic, nemelex_altar_shiori, tgw_fedhas,
          mainiacjoe_overflow_concentric_impassable, serial_shops,
          nicolae_shop_behind_doors, kennysheep_generic_room_9

Skill      XL: |  1  2  3  4  5 |
---------------+----------------+-----
Maces & Flails | 2 3 4 |  4.6
Fighting       | 3 4 |  4.0
Armour         | |  3.6
Shields        | |  3.2

Action                     |  1- 3 |  4- 6 || total
---------------------------+-------+-------++-------
  Melee: Flail             |    91 |       ||    91
         Tailslap          |    14 |    10 ||    24
         Whip              |    39 |    62 ||   101
   Fire: Sling             |     3 |    28 ||    31
  Throw: Dart              |       |     2 ||     2
    Use: Scroll            |     3 |       ||     3
 Armour: Scale mail        |   103 |    22 ||   125
  Dodge: Dodged            |    38 |    27 ||    65
  Block: Buckler           |    16 |     8 ||    24

Table legend: (Time is in decaauts)
 A = Elapsed time spent in this place.
 B = Non-inter-level travel time spent in this place.
 C = Inter-level travel time spent in this place.
 D = Time resting spent in this place.
 E = Time spent auto-exploring this place.
 F = Levels seen in this place.
 G = Mean time per level.
                   A        B        C        D        E       F      G
               +--------+--------+--------+--------+--------+-----+--------+
         Total |   2587 |   2516 |     71 |     63 |   1846 |   4 |  646.8 |
       Dungeon |   2587 |   2516 |     71 |     63 |   1846 |   4 |  646.8 |
               +--------+--------+--------+--------+--------+-----+--------+

Top non-repeatable levels by time:
     D:1: 843 daAuts
     D:3: 682 daAuts
     D:2: 561 daAuts
     D:4: 500 daAuts
